 Dungeon Crawl Stone Soup version 0.24.1-14-gf8d2b509d9 (webtiles) character file.

Game seed: 9062257951825909690, levelgen mode: deterministic

60 Descartes the Ducker (level 3, 0/17 HPs)
             Began as a Felid Monk on May 23, 2020.
             Succumbed to an adder's poison
             ... on level 3 of the Dungeon.
             The game lasted 00:05:12 (2598 turns).

Descartes the Ducker (Felid Monk)                   Turns: 2598, Time: 00:05:12

Health: 0/17       AC:  1    Str:  8    XL:     3   Next: 80%
Magic:  4/4        EV: 18    Int: 11    God:
Gold:   137        SH:  0    Dex: 18    Spells: 0/2 levels left
                                        Lives:  0   Deaths: 0

rFire    . . .     SeeInvis +     - Unarmed
rCold    . . .     Gourm    .   (shield unavailable)
rNeg     . . .     Faith    .   (armour unavailable)
rPois    .         Spirit   .   (helmet unavailable)
rElec    .         Reflect  .   (cloak unavailable)
rCorr    .         Harm     .   (gloves unavailable)
MR       .....                  (boots unavailable)
Stlth    +++.......             (no amulet)
HPRegen  0.05/turn              (no ring)
MPRegen  0.09/turn              (no ring)

@: lethally poisoned (0 -> -13), heavily drained, quick
A: very small, no armour, no weapons or thrown items, stealth, claws 1, fangs 3,
see invisible, carnivore, speed 1, shaggy fur 1, slow metabolism 1, sharp paws
a: no special abilities


You were on level 3 of the Dungeon.
You were very full.

You visited 1 branch of the dungeon, and saw 3 of its levels.

You collected 137 gold pieces.

Inventory:

Missiles
 b - 79 arrows
 c - 30 stones
Scrolls
 d - 3 scrolls of teleportation {unknown}
 e - a scroll of magic mapping {unknown}
 f - 3 scrolls of identify {unknown}
 g - a scroll of remove curse {unknown}
 h - a scroll of enchant armour {unknown}
 m - a scroll of immolation {unknown}
Potions
 i - a potion of heal wounds {unknown}
 j - a potion of curing {unknown}
 k - a potion of lignification {unknown}
 l - a potion of might {unknown}
Comestibles
 a - 8 rations


   Skills:
 + Level 3.3(1.9) Fighting
 + Level 4.5(3.0) Dodging
 + Level 3.4(1.9) Stealth
 * Level 3.7(2.3) Unarmed Combat
 + Level 0.2(0.0) Spellcasting
 + Level 1.0(0.0) Hexes


You couldn't memorise any spells.
You knew the following spells:

 Your Spells              Type           Power        Failure   Level  Hunger
a - Ensorcelled Hibernat  Hex/Ice        #.....       47%         2    ###....

Your spell library contained the following spells:

 Spells                   Type           Power        Failure   Level  Hunger
 Corona                   Hex            #......      34%         1    ##.....
 Confuse                  Hex            #.......     71%         3    ####...
 Dazzling Spray           Conj/Hex       #.....       71%         3    ####...
 Tukima's Dance           Hex            #.......     71%         3    ####...


Dungeon Overview and Level Annotations

Branches:
Dungeon (3/15)

Altars:
Cheibriados


Innate Abilities, Weirdness & Mutations

You cannot wear armour.
You are incapable of wielding weapons or throwing items.
Your paws allow you to move quietly. (Stealth)
You have sharp claws.
You have razor-sharp teeth.
You have supernaturally acute eyesight. (SInv)
You are carnivorous and can eat meat at any time.
You cover ground quickly.
You are covered in fur. (AC +1)
You have a slow metabolism.
Your sharp claws are effective at attacking unaware monsters.


Message History

The adder completely misses you.
You miss the adder. The adder barely misses you.
You barely miss the adder. Your bite misses the adder. The adder bites you.
You are lethally poisoned!
The adder poisons you!
You scratch the adder. Your bite misses the adder.
The adder is moderately wounded.
You feel sick. The adder bites you.
* * * LOW HITPOINT WARNING * * *
You are more poisoned.
The adder poisons you!
You barely miss the adder. Your bite misses the adder.
The adder is moderately wounded.
* * * LOW HITPOINT WARNING * * *
You feel sick. The adder bites you.
* * * LOW HITPOINT WARNING * * *
The adder barely misses you.
You scratch the adder. You bite the adder, but do no damage.
The adder is moderately wounded.
You die...

... ##### ...#
#....##...##... .
##............. ..
............. ...
#.........#.# ....
#....##...#.##### .....
##....##..........
......#.....##..[#......
...<..S@.†..#......<....
#.#...######.....#......
#...# #............ #..
.....###...... .
.(.>...# #......
..)......# ##.....
##.###.... ##.... #..
...... ..## .. .......


You could see an adder.

Vanquished Creatures
  An adder (D:2)
  A worm (D:2)
  3 dart slugs (D:1)
  A leopard gecko (D:1)
  An orc (D:2)
  A ball python (D:2)
  2 giant cockroaches
  6 goblins
  4 hobgoblins
  4 bats
  A frilled lizard (D:1)
  7 kobolds
  9 rats
  A bush (D:2)
42 creatures vanquished.

Notes
Turn   | Place    | Note
-------+----------+-------------------------------------------
     0 | D:1      | Descartes the Felid Monk began the quest for the Orb.
     0 | D:1      | Reached XP level 1. HP: 10/10 MP: 2/2
   214 | D:1      | Reached XP level 2. HP: 14/14 MP: 3/3
   691 | D:2      | Reached XP level 3. HP: 4/17 MP: 4/4
  1338 | D:2      | Learned a level 2 spell: Ensorcelled Hibernation
  2155 | D:2      | Found a snail-covered altar of Cheibriados.
  2582 | D:3      | Reached skill level 1 in Hexes
  2598 | D:3      | Succumbed to an adder's poison

Levels and vault maps discovered:
D:1:      onia_arrival_pyramid, layout_loops_cross
D:2:      layout_loops_cross, cheibriados_altar_1, first_ration, serial_forest,
          infiniplex_forest_clump_cross, infiniplex_forest_straight_4,
          infiniplex_forest_end_2, infiniplex_forest_pool,
          infiniplex_forest_fountain, infiniplex_forest_straight_5,
          infiniplex_forest_clump_large, infiniplex_forest_lined_3,
          chequers_jeans, minmay_statues_item, minmay_hexomino_c4
D:3:      layout_rooms, minmay_ogre_servants

Skill      XL: |  1  2  3 |
---------------+----------+-----
Stealth        | 3 |  3.4
Hexes          | 1 |  1.0
Fighting       | |  3.3
Dodging        | |  4.5
Unarmed Combat | |  3.7
Spellcasting   | |  0.2

Action                   || total
-------------------------++-------
Melee: Unarmed           ||   329
       Bite              ||    49
       Punch             ||     3
 Stab: Sleeping          ||    11
       Distracted        ||     1
  Eat: Chunk             ||    10
Armor: Skin              ||     4
Dodge: Dodged            ||    76
